 Dungeon Sprint DCSS version 0.31-a0-1074-g0b22e4e0f1 (webtiles) character file.

Game seed: 10331585223964247936

38 rocky1 the Covered (level 3, -17/25 HPs)
             Began as a Gargoyle Fighter on Dec 3, 2023.
             Demolished by an ogre
             ... wielding a +0 giant club
              (22 damage)
             ... in the Dungeon (Sprint IX: "|||||||||||||||||||||||||||||").
             The game lasted 00:00:20 (304 turns).

rocky1 the Covered (Gargoyle Fighter)                Turns: 304, Time: 00:00:22

Health: -17/25     AC: 10    Str: 19    XL:     3   Next: 43%
Magic:  3/3        EV:  9    Int:  8    God:
Gold:   0          SH:  5    Dex: 11    Spells: 2/2 levels left

rFire   . . .        a - +0 flail
rCold   . . .        c - +0 buckler
rNeg    + . .        b - +0 scale mail
rPois   ∞            (no helmet)
rElec   +            (no cloak)
rCorr   .            (no gloves)
SInv    .            (no boots)
Will    .....        (no amulet) Stlth
                     (no ring)
HPRegen 0.24/turn    (no ring)
MPRegen 0.08/turn

%: no teleportation
@: no status effects
A: sickness immunity, AC +3, negative energy resistance 1, electricity
resistance, torment resistance 1, petrification resistance
a: no special abilities


You were in the Dungeon.
You visited 1 branch

Inventory:

Hand Weapons
 a - a +0 flail (weapon)
Armour
 b - a +0 scale mail (worn)
 c - a +0 buckler (worn)
Scrolls
 j - a scroll of blinking
Potions
 d - a potion of might
 e - a potion of curing
 g - a potion of haste
 h - 2 potions of magic
 i - a potion of berserk rage


   Skills:
 + Level 4.8 Fighting
 + Level 3.2 Maces & Flails
 + Level 5.1 Armour
 + Level 0.4 Dodging
 + Level 4.7 Shields


You had 2 spell levels left.
You didn't know any spells.
Your spell library was empty.

Dungeon Overview and Level Annotations

Branches:
Dungeon (1/1)

Altars:


Innate Abilities, Weirdness & Mutations

You are immune to sickness and miasma.
Your stone body is resilient. (AC +3)
You are immune to poison.
You resist negative energy. (rN+)
You are resistant to electric shocks. (rElec)
You are resistant to unholy torment.
You are immune to petrification.


Message History

You sock the jelly!
Your hands burn!
The jelly is severely wounded.
The jelly closely misses you. The jelly hits you but does no damage.
You thump the jelly!
You kill the jelly!
Your Maces & Flails skill increases to level 3!
Your Armour skill increases to level 5!
You have reached level 3!
Your experience leads to an increase in your attributes!
Increase (S)trength, (I)ntelligence, or (D)exterity?
You feel agile. x2
Unknown command.
You barely miss the ogre. The ogre hits you with a +0 giant club!
Ouch! That really hurt!
* * * LOW HITPOINT WARNING * * *
You hit the ogre.
The ogre is lightly wounded.
The ogre closely misses you.
You feel much better. The ogre hits you with a +0 giant club.
You hit the ogre.
The ogre is lightly wounded.
The ogre hits you with a +0 giant club!
Ouch! That really hurt!
* * * LOW HITPOINT WARNING * * *
You barely miss the ogre.
The ogre is lightly wounded.
You hit the ogre.
The ogre is lightly wounded.
The ogre barely misses you.
You thump the ogre!
The ogre is heavily wounded.
You block the ogre's attack.
You hit the ogre but do no damage.
The ogre is heavily wounded.
The ogre barely misses you.
You sock the ogre!
The ogre is almost dead.
The ogre hits you with a +0 giant club!!
Ouch! That really hurt!
You die... ▓▓▓▓▓▓▓▓▓▓▓▓▓▓▓▓▓▓ ▓<...).....@Olg..+ ▓▓▓▓▓▓▓▓▓▓▓▓▓▓▓▓▓▓

You could see an ogre, an iguana and a gnoll.

Vanquished Creatures
  A jelly (D)
  A dart slug (D)
  2 endoplasms (D)
  A goblin (D)
  A quokka (D)
  A frilled lizard (D)
7 creatures vanquished.

Notes
Turn   | Place    | Note
-------+----------+-------------------------------------------
     0 | D        | rocky1 the Gargoyle Fighter began the quest for the Orb.
     0 | D        | Reached XP level 1. HP: 14/14 MP: 1/1
    23 | D        | Reached skill level 4 in Armour
    30 | D        | Reached XP level 2. HP: 7/20 MP: 2/2
   291 | D        | Noticed an ogre
   296 | D        | Reached skill level 5 in Armour
   296 | D        | Reached XP level 3. HP: 19/25 MP: 3/3
   304 | D        | Demolished by an ogre

Illustrated notes

Levels and vault maps discovered:
D:        linesprint [early_d, line_temple, items_1, d_10, items_2, lair_1,
          lair_end, items_3, orc_1, orc_end, items_4, d_15, swamp_1, shoals_1,
          snake_1, spider_1, d_20, vaults_1, items_5, swamp_end, shoals_end,
          snake_end, spider_end, vaults_end, d_27, items_6, zot_1, zot_end,
          crypt_end, forest_end, elf_end, slime_end, tomb_end, abyss_end,
          pan_hell_end]

Skill      XL: |  1  2 |
---------------+-------+-----
Armour         | 4 5 |  5.1
Shields        | 4 |  4.7
Fighting       | 4 |  4.8
Maces & Flails | 3 |  3.2
Dodging        | |  0.4

Action                     || total
---------------------------++-------
  Melee: Flail             ||    37
    Use: Potion            ||     1
 Armour: Scale mail        ||    21
  Dodge: Dodged            ||    10
  Block: Buckler           ||     6

Table legend: (Time is in decaauts)
 A = Elapsed time spent in this place.
 B = Non-inter-level travel time spent in this place.
 C = Inter-level travel time spent in this place.
 D = Time resting spent in this place.
 E = Time spent auto-exploring this place.
 F = Levels seen in this place.
 G = Mean time per level.
                   A        B        C        D        E       F      G
               +--------+--------+--------+--------+--------+-----+--------+
         Total |    315 |    315 |      0 |    255 |      0 |   1 |  315.0 |
       Dungeon |    315 |    315 |      0 |    255 |      0 |   1 |  315.0 |
               +--------+--------+--------+--------+--------+-----+--------+

Top non-repeatable levels by time:
       D: 315 daAuts
